 Dungeon Crawl Stone Soup version 0.31-a0-277-g31ea1f65cc (webtiles) character file.

Game seed: 7105001996028243297

9279 Newt the Basher (level 11, -2/89 HPs)
             Began as a Demonspawn Gladiator on July 16, 2023.
             Was a High Priest of Makhleb.
             Slain by a killer bee (6 damage)
             ... on level 9 of the Dungeon.
             The game lasted 00:16:22 (11781 turns).

Newt the Basher (Demonspawn Gladiator)             Turns: 11781, Time: 00:16:23

Health: -2/89      AC: 12    Str: 23    XL:     11   Next: 21%
Magic:  0/12       EV: 17    Int:  8    God:    Makhleb [*****.]
Gold:   445        SH:  4    Dex: 16    Spells: 10/10 levels left

rFire   . . .        r - +2 whip (elec)
rCold   . . .        (no shield)
rNeg    . . .        I - +0 troll leather armour
rPois   .            (helmet restricted)
rElec   .            J - scarf {repulsion}
rCorr   .            P - +0 pair of gloves
SInv    .            (no boots)
Will    .....        l - amulet of faith
Stlth   +++          R - +5 ring of evasion
HPRegen 1.14/turn    z - +4 ring of protection
MPRegen 0.26/turn

%: repel missiles, guardian spirit, faith
@: lethally poisoned (-2 -> -4)
A: antennae 2, thin skeletal structure 1, icemail 1, magic shield, magic
regeneration, condensation shield, deformed body, high MP 1, strong 1
a: Renounce Religion, Minor Destruction, Lesser Servant of Makhleb, Major
Destruction, Greater Servant of Makhleb


You were on level 9 of the Dungeon.
You worshipped Makhleb.
Makhleb was extremely pleased with you.
You visited 1 branch of the dungeon, and saw 9 of its levels.
You also visited: Ossuary.

You collected 692 gold pieces.
You spent 247 gold pieces at shops.

Inventory:

Hand Weapons
 a - a +0 rapier
 d - a +3 dire flail
 i - a +2 mace of draining
 r - a +2 whip of electrocution (weapon)
Missiles
 e - a javelin
 m - 12 poisoned darts
 n - 6 boomerangs (quivered)
Armour
 b - a +0 leather armour
 c - a +0 helmet
 j - a +3 leather armour of poison resistance
 B - a +0 cloak
 F - the +0 ring mail of Gyskec {rElec rF- Int+2 Dex+2}
   (You found it on level 7 of the Dungeon)

   Int:       It affects your intelligence (+2).
   Dex:       It affects your dexterity (+2).
   rF:        It makes you vulnerable to fire.
   rElec:     It insulates you from electricity.
 I - a +0 troll leather armour (worn)
 J - a scarf of repulsion (worn)
 P - a +0 pair of gloves (worn)
 Q - the +2 leather armour of Kades {Will++}
   (You found it on level 8 of the Dungeon)

   Will:      It greatly increases your willpower.
Jewellery
 l - an amulet of faith (around neck)
 o - a ring of protection from cold
 z - a +4 ring of protection (right hand)
 C - a ring of flight
 M - a ring of resist corrosion
 R - a +5 ring of evasion (left hand)
Wands
 p - a wand of paralysis (15)
 s - a wand of flame (20)
 t - a wand of polymorph (8)
Scrolls
 y - 2 scrolls of enchant armour
 A - 2 scrolls of blinking
 D - a scroll of silence
 E - a scroll of amnesia
 K - a scroll of revelation
 N - 2 scrolls of identify
 O - 3 scrolls of teleportation
Potions
 f - a potion of degeneration
 g - 6 potions of curing
 h - 2 potions of lignification
 k - a potion of magic
 q - a potion of might
 u - 3 potions of resistance
 v - 3 potions of ambrosia
 w - 2 potions of attraction
 x - 2 potions of enlightenment
 G - 3 potions of invisibility
 H - a potion of berserk rage
 L - a potion of mutation


   Skills:
 + Level 9.6 Fighting
 - Level 2.6 Short Blades
 - Level 10.0 Maces & Flails
 - Level 2.8 Throwing
 - Level 6.0 Armour
 - Level 2.6 Dodging
 - Level 4.0 Stealth
 - Level 6.0 Evocations


You had 10 spell levels left.
You didn't know any spells.
Your spell library contained the following spells:

 Spells                   Type           Power      Damage    Failure   Level
 Poisonous Vapours        Pois/Air       0%         N/A       58%         2
 Hailstorm                Conj/Ice       0%         3d3       82%         3
 Mephitic Cloud           Conj/Pois/Air  0%         N/A       82%         3
 Summon Ice Beast         Ice/Summ       0%         N/A       99%         4
 Freezing Cloud           Conj/Ice/Air   0%         6-21      100%        5
 Simulacrum               Ice/Necr       0%         N/A       100%        6


Dungeon Overview and Level Annotations

Branches:
Dungeon (9/15)             Temple (0/1) D:5         Ossuary (visited)
   Lair: D:8-11         Orc: D:9-12

Altars:
Dithmenos
Makhleb
Nemelex Xobeh
Okawaru
Sif Muna
Trog
Uskayaw
Xom
Yredelemnul

Shops:
D:1 !

Annotations:
D:3 1 runed translucent door, SomaCruz13's ghost, amateur DrSh


Innate Abilities, Weirdness & Mutations

You have a pair of antennae on your head.
You have a somewhat thin skeletal structure. (Dex +2, Stealth+)
A meltable icy envelope protects you from harm. (AC +4)
When hurt, damage is shared between your health and your magic reserves.
You regenerate magic rapidly.
A meltable shield of frost defends you. (SH +4)
Armour fits poorly on your strangely shaped body.
You have an increased reservoir of magic. (+10% MP)
Your muscles are strong. (Str +4, Int/Dex -1)


Message History

You hit the killer bee.
You kill the killer bee!
Makhleb accepts your kill.
You feel better.
You feel sick.
The killer bee stings you but does no damage.
The killer bee closely misses you.
Unknown command.
You feel very sick. The troll bites you.
* * * LOW HITPOINT WARNING * * *
The troll claws you but does no damage. You block the troll's attack.
Unknown command.
You closely miss the troll.
You feel sick. The killer bee closely misses you.
The killer bee stings you but does no damage.
The troll barely misses you. The troll closely misses you.
The troll barely misses you.
The killer bee completely misses you. x2
Unknown command.
Okay, then.
The killer bee attacks as you move away!
The killer bee stings you but does no damage.
The troll attacks as you move away! You block the troll's attack.
The troll claws you but does no damage. The troll barely misses you.
You feel sick. The killer bee completely misses you. The killer bee stings you!
* * * LOW HITPOINT WARNING * * *
You are more poisoned.
The killer bee poisons you!
You feel very sick. The troll closely misses you. The troll claws you.
* * * LOW HITPOINT WARNING * * *
The troll claws you but does no damage. You block the killer bee's attack.
Unknown command.
The killer bee attacks as you move away!
You block the killer bee's attack. The troll attacks as you move away!
The troll bites you!
* * * LOW HITPOINT WARNING * * *
The troll closely misses you. The troll claws you.
* * * LOW HITPOINT WARNING * * *
x2 You feel very sick.
The killer bee stings you!
You die...

########################
...........................
..####....................#
..# #..........#.........
..####...................
........................ {
.######...........##...# .#
##########@###.#.# .#
#....†..yy###†..#{ ##
#........yT..###y..#
#..........#.# #W#
#######...†o.# .#
#...###{.# { #....# o#.#
#....# .. .# #..... ##.


You could see a troll, 3 killer bees and an orc wizard.

Vanquished Creatures
  A centaur warrior (D:8)
  A boulder beetle (D:8)
  A two-headed ogre (D:8)
  A lindwurm (shapeshifter) (D:8)
  An orc knight (D:8)
  The ghost of knightboat the Fighter, a novice VSSh of Elyvilon (D:6)
  A meliai (D:8)
  A troll (D:8)
  A hornet (D:7)
  A wyvern (D:8)
  8 yaks
  Eustachio (D:5)
  A steam dragon (D:8)
  Menkaure (D:7)
  3 water moccasins
  Duvessa (D:7)
  2 orc warriors (D:8)
  4 black bears
  A sky beast (D:8)
  3 ice beasts
  An ogre (D:4)
  A centaur (D:8)
  A phantom (D:6)
  An elf zombie (Ossuary)
  2 kobold brigands (D:8)
  2 gnoll sergeants (D:8)
  6 bullfrogs
  A scorpion (D:7)
  Dowan (D:7)
  7 killer bees (D:9)
  A howler monkey (D:6)
  An electric eel (D:8)
  A human zombie (Ossuary)
  Crazy Yiuf (D:7)
  2 jellies
  A gnoll bouda (D:5)
  7 orc priests
  3 hounds
  Jessica (D:3)
  3 iguanas
  A sleepcap (D:6)
  8 orc wizards
  2 hound zombies (Ossuary)
  4 mummies (Ossuary)
  Robin (D:3)
  9 gnolls
  5 adders
  3 white imps
  2 adder zombies (Ossuary)
  3 worms
  4 dart slugs
  36 orcs
  7 endoplasms
  A giant cockroach (D:1)
  4 gnoll zombies
  14 goblins
  8 hobgoblins
  4 jackals
  6 kobolds
  2 quokkas
  3 ball pythons
  4 bats
  3 frilled lizards
  A goblin zombie (Ossuary)
  A kobold zombie (Ossuary)
  2 orc zombies (Ossuary)
  3 rats
  A rat zombie (Ossuary)
221 creatures vanquished.

Vanquished Creatures (others)
  A quokka (D:7)
  A goblin (D:3)
2 creatures vanquished.

Grand Total: 223 creatures vanquished

Notes
Turn   | Place    | Note
-------+----------+-------------------------------------------
     0 | D:1      | Newt the Demonspawn Gladiator began the quest for the Orb.
     0 | D:1      | Reached XP level 1. HP: 16/16 MP: 1/1
   287 | D:1      | Gained mutation: You have a somewhat thin skeletal
                  | structure. (Dex +2, Stealth+) [demonic ancestry]
   287 | D:1      | Reached XP level 2. HP: 18/23 MP: 2/2
   689 | D:1      | Found Gyiphem's Distillery.
   698 | D:1      | Bought a potion of curing for 39 gold pieces
  1180 | D:2      | Reached XP level 3. HP: 29/29 MP: 3/3
  1755 | D:3      | Found a basalt altar of Yredelemnul.
  1970 | D:3      | Gained mutation: A meltable shield of frost defends you.
                  | (SH +4) [demonic ancestry]
  1970 | D:3      | Reached XP level 4. HP: 5/37 MP: 4/4
  2351 | D:3      | Found a burning altar of Makhleb.
  2370 | D:3      | Found a runed translucent door.
  2384 | D:3      | Became a worshipper of Makhleb the Destroyer
  2400 | D:3      | Noticed SomaCruz13's ghost (amateur DrSh)
  2487 | D:3      | Noticed a moth of wrath
  2490 | D:3      | Found a bloodstained altar of Trog.
  2578 | D:3      | Noticed Robin
  2651 | D:3      | Killed Robin
  3010 | D:3      | Reached skill level 1 in Maces & Flails
  3071 | D:3      | Found a faded altar of an unknown god.
  3150 | D:3      | Found a shadowy altar of Dithmenos.
  3243 | D:3      | Noticed Jessica
  3254 | D:3      | Killed Jessica
  3290 | D:3      | Found a shimmering blue altar of Sif Muna.
  3500 | D:4      | Reached * piety under Makhleb
  3501 | D:4      | Reached XP level 5. HP: 36/42 MP: 5/5
  3614 | D:4      | Reached skill level 2 in Maces & Flails
  3728 | D:4      | Noticed an ogre
  3734 | D:4      | Killed an ogre
  3735 | D:4      | Reached skill level 3 in Maces & Flails
  3767 | D:4      | Reached XP level 6. HP: 47/48 MP: 6/6
  3785 | D:4      | Reached skill level 4 in Maces & Flails
  4053 | D:4      | Reached skill level 5 in Maces & Flails
  4095 | D:4      | Reached skill level 1 in Armour
  4097 | D:4      | Gained mutation: You regenerate magic rapidly. [demonic
                  | ancestry]
  4097 | D:4      | Reached XP level 7. HP: 45/54 MP: 7/7
  4375 | D:5      | Entered Level 5 of the Dungeon
  4380 | D:5      | Found an iron altar of Okawaru.
  4620 | D:5      | Noticed Eustachio
  4623 | D:5      | Found a staircase to the Ecumenical Temple.
  4633 | D:5      | Killed Eustachio
  4675 | D:5      | Noticed a +0 falchion
  4909 | D:5      | Found a shimmering altar of Xom.
  4909 | D:5      | Found a shimmering altar of Xom.
  4912 | D:5      | Found a shimmering altar of Xom.
  4912 | D:5      | Found a shimmering altar of Xom.
  5076 | D:5      | Reached ** piety under Makhleb
  5136 | D:5      | Reached skill level 6 in Maces & Flails
  5136 | D:5      | Gained mutation: When hurt, damage is shared between your
                  | health and your magic reserves. [demonic ancestry]
  5136 | D:5      | Reached XP level 8. HP: 38/60 MP: 8/8
  5307 | D:5      | Noticed a +0 dagger
  5308 | D:5      | Noticed a +0 short sword
  5309 | D:5      | Noticed a +0 short sword
  5309 | D:5      | Noticed a +0 spear
  5309 | D:5      | Noticed a +0 dagger
  5310 | D:5      | Noticed a +0 falchion
  5339 | D:5      | Found a hide-covered altar of Uskayaw.
  5339 | D:5      | Noticed a +0 spear
  5449 | D:6      | Reached skill level 1 in Evocations
  5673 | D:6      | Gained mutation: You are weak. (Str -2) [potion of
                  | mutation]
  5674 | D:6      | Lost mutation: You are weak. (Str -2) [potion of mutation]
  5674 | D:6      | Gained mutation: Your body sometimes deteriorates upon
                  | taking damage. [potion of mutation]
  5674 | D:6      | Gained mutation: You occasionally lose the ability to read
                  | scrolls when taking damage. [potion of mutation]
  5675 | D:6      | Lost mutation: You occasionally lose the ability to read
                  | scrolls when taking damage. [potion of mutation]
  5675 | D:6      | Lost mutation: Your body sometimes deteriorates upon taking
                  | damage. [potion of mutation]
  5675 | D:6      | Gained mutation: You have hidden genetic defects. [potion
                  | of mutation]
  5675 | D:6      | Gained mutation: Your system is resistant to poisons.
                  | (rPois) [potion of mutation]
  5877 | D:6      | Gained mutation: You sometimes lose your temper in combat.
                  | [hidden defects]
  5935 | D:6      | Found a transporter.
  6021 | D:6      | Found a transporter.
  6033 | D:6      | Found a runed translucent door.
  6051 | D:6      | Noticed knightboat's ghost (novice VSSh)
  6120 | D:6      | Reached skill level 7 in Maces & Flails
  6547 | D:7      | Noticed Dowan
  6550 | D:7      | Noticed Duvessa
  6561 | D:7      | Killed Dowan
  6570 | D:7      | Killed Duvessa
  6580 | D:7      | Gained mutation: Your body sometimes deteriorates upon
                  | taking damage. [hidden defects]
  6580 | D:7      | Lost mutation: You have hidden genetic defects. [hidden
                  | defects expressed]
  6728 | D:7      | Reached skill level 8 in Maces & Flails
  6728 | D:7      | Gained mutation: You have a pair of small antennae on your
                  | head. [demonic ancestry]
  6728 | D:7      | Reached XP level 9. HP: 60/65 MP: 9/9
  6946 | D:7      | Found a runed translucent door.
  6947 | D:7      | Noticed Crazy Yiuf
  6955 | D:7      | Killed Crazy Yiuf
  7192 | D:7      | Noticed Menkaure
  7199 | D:7      | Killed Menkaure
  7645 | D:7      | Reached skill level 9 in Maces & Flails
  7675 | D:7      | Identified the +0 ring mail of Gyskec {rElec rF- Int+2
                  | Dex+2}
  8133 | D:8      | Found a sand-covered staircase.
  8144 | Ossuary  | Entered an ossuary
  8171 | Ossuary  | Reached *** piety under Makhleb
  8652 | D:1      | Bought 2 potions of mutation for 208 gold pieces
  8652 | D:1      | Lost mutation: Your system is resistant to poisons. (rPois)
                  | [potion of mutation]
  8652 | D:1      | Lost mutation: Your body sometimes deteriorates upon taking
                  | damage. [potion of mutation]
  8652 | D:1      | Lost mutation: You sometimes lose your temper in combat.
                  | [potion of mutation]
  8652 | D:1      | Gained mutation: Your muscles are strong. (Str +4, Int/Dex
                  | -1) [potion of mutation]
  8652 | D:1      | Gained mutation: Armour fits poorly on your strangely
                  | shaped body. [potion of mutation]
  8652 | D:1      | Gained mutation: You have an increased reservoir of magic.
                  | (+10% MP) [potion of mutation]
  8815 | D:6      | Killed knightboat's ghost
  8823 | D:6      | Reached skill level 10 in Maces & Flails
  9389 | D:8      | Reached skill level 5 in Fighting
  9793 | D:8      | Noticed a boulder beetle
  9831 | D:8      | Killed a boulder beetle
  9832 | D:8      | Reached skill level 5 in Evocations
  9832 | D:8      | Gained mutation: A meltable icy envelope protects you from
                  | harm. (AC +4) [demonic ancestry]
  9832 | D:8      | Reached XP level 10. HP: 21/76 MP: 3/11
  9841 | D:8      | Noticed a centaur warrior
 10145 | D:8      | Killed a centaur warrior
 10146 | D:8      | Reached skill level 5 in Armour
 10422 | D:8      | Noticed a lindwurm
 10444 | D:8      | Killed a lindwurm
 10787 | D:8      | Reached **** piety under Makhleb
 10869 | D:8      | Noticed an orc knight
 10902 | D:8      | Killed an orc knight
 10966 | D:8      | Identified the +2 leather armour of Kades {Will++}
 11064 | D:8      | Found a sparkling altar of Nemelex Xobeh.
 11348 | D:8      | Noticed a two-headed ogre
 11367 | D:8      | Killed a two-headed ogre
 11426 | D:8      | Gained mutation: You have a pair of antennae on your head.
                  | [demonic ancestry]
 11426 | D:8      | Reached XP level 11. HP: 84/87 MP: 12/12
 11713 | D:9      | Reached ***** piety under Makhleb
 11781 | D:9      | HP: 4/89 [poisoned by a killer bee]
 11781 | D:9      | Slain by a killer bee

Illustrated notes

Levels and vault maps discovered:
D:1:      minmay_arrival_hallway, layout_loops_ring, serial_shops,
          nicolae_shop_stone, corexii_item_surrounded_by_moat, st_stairs_8
D:2:      layout_loops_corners
D:3:      layout_basic, mainiacjoe_overflow_chevrons, bloody_makhleb, tgw_sif,
          nicolae_dithmenos_through_a_glass_darkly, tgw_trog,
          gammafunk_ghost_grave, shapermc_ecumenical_altar_mp_urbaneastern,
          uniq_robin
D:4:      layout_loops_ring
D:5:      layout_basic, xom_redecorated, kennysheep_okawaru_gauntlet,
          nicolae_uskayaw_en_pointe, temple_statues, minivault_14,
          uniq_eustachio
D:6:      gammafunk_cloud_chamber, layout_cave_pools, ebering_ghost_sewer_d,
          kennysheep_generic_room_3
D:7:      layout_layer_cave, elyvilon_altar_4, columned_hall_lemuel,
          uniq_menkaure, uniq_duvessa, uniq_crazy_yiuf_cottage
D:8:      minmay_the_grid_plus [minmay_the_grid_armoury, minmay_the_grid_rooms,
          minmay_the_grid_dragon_b, minmay_the_grid_gridbox,
          minmay_the_grid_prize_big_room], layout_basic,
          nemelex_xobeh_ov_fountains_minmay, nicolae_ossuary_entry_plus,
          serial_bayou_lagoon_b
D:9:      layout_stronghold, erik_lair_orcish_takeover, minmay_starry_boxes

Skill      XL: |  1  2  3  4  5  6  7  8  9 10 11 |
---------------+----------------------------------+-----
Fighting       | 3 4 6 8 9 |  9.6
Throwing       | 2 |  2.8
Maces & Flails | 1 3 5 6 8 10 | 10.0
Armour         | 1 4 6 |  6.0
Evocations     | 4 5 6 |  6.0
Stealth        | 4 |  4.0
Short Blades   | |  2.6
Dodging        | |  2.6

Action                     |  1- 3 |  4- 6 |  7- 9 | 10-12 || total
---------------------------+-------+-------+-------+-------++-------
  Melee: Rapier            |   134 |    46 |       |       ||   180
         Mace              |       |    38 |       |       ||    38
         Whip              |       |    58 |   509 |   316 ||   883
         Punch             |       |       |    15 |     2 ||    17
  Throw: Throwing net      |     1 |     1 |     2 |     1 ||     5
         Boomerang         |     1 |       |     6 |     1 ||     8
         Dart              |       |     2 |     2 |     2 ||     6
         Javelin           |       |       |     1 |       ||     1
  Evoke: Wand              |       |       |       |     4 ||     4
    Use: Scroll            |     6 |     2 |    13 |       ||    21
         Potion            |       |     1 |     7 |     1 ||     9
   Stab: Sleeping          |     4 |     3 |     4 |       ||    11
         Held in net/web   |     1 |     1 |       |     5 ||     7
         Paralysed         |       |       |       |     3 ||     3
 Armour: Leather armour    |    61 |    43 |    93 |    26 ||   223
         Ring mail         |       |       |    25 |    10 ||    35
         Troll leather arm |       |       |       |    50 ||    50
  Dodge: Dodged            |    87 |    68 |   204 |   196 ||   555
  Block: Other             |       |    25 |    88 |    47 ||   160

Table legend: (Time is in decaauts)
 A = Elapsed time spent in this place.
 B = Non-inter-level travel time spent in this place.
 C = Inter-level travel time spent in this place.
 D = Time resting spent in this place.
 E = Time spent auto-exploring this place.
 F = Levels seen in this place.
 G = Mean time per level.
                   A        B        C        D        E       F      G
               +--------+--------+--------+--------+--------+-----+--------+
         Total |  11581 |  10851 |    730 |   2274 |   6529 |  10 | 1158.1 |
       Dungeon |  11294 |  10564 |    730 |   2274 |   6330 |   9 | 1254.9 |
       Ossuary |    286 |    286 |      0 |      0 |    199 |   1 |  286.0 |
               +--------+--------+--------+--------+--------+-----+--------+

Top non-repeatable levels by time:
     D:7: 2052 daAuts
     D:8: 1896 daAuts
     D:3: 1429 daAuts
     D:2: 1383 daAuts
     D:6: 1302 daAuts
     D:5: 1260 daAuts
     D:4: 981 daAuts
     D:1: 836 daAuts
 Ossuary: 286 daAuts
     D:9: 153 daAuts
